 Dungeon Crawl Stone Soup version 0.28.0-53-g5a82cb258f (webtiles) character file.

Game seed: 14818813530499996445

25 LynnLen the Sneak (level 2, -2/16 HPs)
             Began as a Vampire Enchanter on Aug 16, 2022.
             Slain by a goblin
             ... wielding a +0 dagger
              (3 damage)
             ... on level 2 of the Dungeon.
             The game lasted 00:00:58 (110 turns).

LynnLen the Sneak (Vampire Enchanter)                Turns: 110, Time: 00:00:58

Health: -2/16      AC:  2    Str:  7    XL:     2   Next: 86%
Magic:  5/5        EV: 12    Int: 17    God:
Gold:   0          SH:  0    Dex: 14    Spells: 5/5 levels left

rFire   . . .      SeeInvis +   a - +1 dagger
rCold   + + .      Faith    .   (no shield)
rNeg    + + +      Spirit   .   b - +0 robe
rPois   ∞          Reflect  .   (no helmet)
rElec   .          Harm     .   (no cloak)
rCorr   .          Rampage  .   (no gloves)
Will    .....                   (no boots)
Stlth   +++++.....              (no amulet)
HPRegen 0.00/turn               (no ring)
MPRegen 0.09/turn               (no ring)

@: bloodless, inhibited regen
A: bloodless, fangs 3, see invisible, vampiric 1
a: Revivify


You were on level 2 of the Dungeon.
You visited 1 branch of the dungeon, and saw 2 of its levels.

Inventory:

Hand Weapons
 a - a +1 dagger (weapon)
Armour
 b - a +0 robe (worn)
Scrolls
 c - 3 scrolls of noise {unknown}
 d - a scroll of magic mapping {unknown}


   Skills:
 + Level 1.1 Fighting
 + Level 2.0 Short Blades
 - Level 2.1 Dodging
 + Level 5.1 Stealth
 - Level 2.0 Spellcasting
 - Level 4.4 Hexes


You had 5 spell levels left.
You didn't know any spells.
Your spell library contained the following spells:

 Spells                   Type           Power      Damage    Failure   Level
 Confusing Touch          Hex            16%        N/A       10%         3
 Tukima's Dance           Hex            16%        N/A       10%         3
 Ensorcelled Hibernation  Hex/Ice        18%        N/A       12%         2
 Dazzling Flash           Conj/Hex       18%        N/A       24%         3


Dungeon Overview and Level Annotations

Branches:
Dungeon (1/15)

Altars:


Innate Abilities, Weirdness & Mutations

You do not regenerate when monsters are visible.
You are frail without blood (-20% HP).
You can heal yourself when you bite living creatures.
You are immune to poison.
You have razor-sharp teeth.
You have supernaturally acute eyesight. (SInv)
You are afflicted with vampirism.


Message History

The endoplasm is severely wounded.
You hit the endoplasm.
The endoplasm is almost dead.
The endoplasm freezes you.
You are frozen.
You resist.
You hit the endoplasm.
You kill the endoplasm!
The goblin hits you with a +0 dagger.
You barely miss the goblin. The goblin hits you but does no damage.
You miss the goblin. You hit the goblin.
The goblin is moderately wounded.
The goblin misses you.
You closely miss the goblin. Your bite misses the goblin.
The goblin is moderately wounded.
The goblin hits you with a +0 dagger.
* * * LOW HITPOINT WARNING * * *
You hit the goblin but do no damage. The goblin barely misses you.
A giant cockroach comes into view.
You hit the goblin.
The goblin is moderately wounded.
The goblin barely misses you.
You closely miss the goblin.
The goblin is moderately wounded.
The goblin hits you with a +0 dagger.
* * * LOW HITPOINT WARNING * * *
You hit the goblin.
The goblin is heavily wounded.
A rat comes into view.
The goblin closely misses you.
The giant cockroach waves its antennae.
The giant cockroach barely misses you.
You hit the goblin. You bite the goblin, but do no damage.
The goblin is severely wounded.
The giant cockroach bites you but does no damage.
The goblin barely misses you.
You barely miss the goblin.
The goblin is severely wounded.
The giant cockroach barely misses you. The goblin hits you with a +0 dagger.
You die...

###....<..[...
#...#....>...g. .....
#......)...... .....
###.#####.......
.[..#. ..#...####
#...... ......
.........#
#..####......
..##..##.# #....
....... .
#.###.####.####.......
#. #......rg@B.......
#. ######.#####......
#. #.# ..... #. #.#
#... #.# .. #.. . ...
.#.


You could see a giant cockroach, a goblin and a rat.

Vanquished Creatures
  2 adders (D:2)
  An endoplasm (D:2)
  2 goblins (D:2)
  2 jackals (D:2)
  A frilled lizard (D:2)
8 creatures vanquished.

Notes
Turn   | Place    | Note
-------+----------+-------------------------------------------
     0 | D:1      | LynnLen the Vampire Enchanter began the quest for the Orb.
     0 | D:1      | Reached XP level 1. HP: 13/13 MP: 3/3
    15 | D:1      | You fall into a shaft and drop 1 floor!
    21 | D:2      | Reached XP level 2. HP: 16/16 MP: 5/5
    55 | D:2      | Reached skill level 1 in Fighting
    55 | D:2      | Reached skill level 5 in Stealth
   110 | D:2      | Slain by a goblin

Illustrated notes

Levels and vault maps discovered:
D:1:      scummos_arrival_gate, layout_basic
D:2:      layout_rooms, basic_altar, feat_on_display

Skill      XL: |  1  2 |
---------------+-------+-----
Fighting       | 1 |  1.1
Stealth        | 5 |  5.1
Short Blades   | 2 |  2.0
Dodging        | |  2.1
Spellcasting   | |  2.0
Hexes          | |  4.4

Action                   || total
-------------------------++-------
Melee: Dagger            ||    29
       Bite              ||     2
 Abil: Exsanguinate      ||     1
  Use: Potion            ||     1
 Stab: Sleeping          ||     4
       Invisible         ||     2
Armor: Robe              ||     3
Dodge: Dodged            ||    18
